PL
BUFFALO WHITE WALKERS @ CHICAGO SILVER SOX
09/29/2037
 
TOP OF THE 1ST
Buffalo White Walkers batting - Pitching for Chicago Silver Sox : RHP Rhys Maskell
Pitching: RHP Rhys Maskell
Batting: LHB Jesús Lazcano 0-0: Fly out, F7 (Flyball, 7S, EV 88.1 MPH)
Batting: LHB Dread Roberts 0-0: Ball
1-0: Swinging Strike
1-1: Foul Ball, location: 2F
1-2: Strikes out swinging
Batting: SHB Je-myung Yu 0-0: Ball
1-0: Swinging Strike
1-1: Ball
2-1: Ball
3-1: Foul Ball, location: 2F
3-2: SINGLE (Line Drive, 8LS, EV 112.5 MPH)
Batting: SHB Max Bortenschlager 0-0: Ball
1-0: Ball
2-0: Ball
3-0: Base on Balls
Je-myung Yu to second
Batting: LHB Gilberto Ocasio 0-0: Ground out 1-3 (Groundball, 25, EV 90.6 MPH)
Top of the 1st over - 0 runs, 1 hit, 0 errors, 2 left on base; Buffalo 0 - Chicago 0
BOTTOM OF THE 1ST
Chicago Silver Sox batting - Pitching for Buffalo White Walkers : LHP Zhao-ji Qiu
Pitching: LHP Zhao-ji Qiu
Batting: RHB José García 0-0: Ball
1-0: Ball
2-0: Ground out 6-3 (Groundball, 56, EV 84.4 MPH)
Batting: RHB Mitsuhide Bando 0-0: Called Strike
0-1: Fly out, F8 (Flyball, 8RD, EV 87.5 MPH)
Batting: RHB Manuel Ramos 0-0: Called Strike
0-1: Ball
1-1: Called Strike
1-2: Ball
2-2: Fly out, F9 (Line Drive, 9, EV 89.4 MPH)
Bottom of the 1st over - 0 runs, 0 hits, 0 errors, 0 left on base; Buffalo 0 - Chicago 0
TOP OF THE 2ND
Buffalo White Walkers batting - Pitching for Chicago Silver Sox : RHP Rhys Maskell
Batting: RHB Luis Tañón 0-0: Foul Ball, location: 2F
0-1: Ground out 2-3 (Groundball, 15S, EV 70.0 MPH)
Batting: RHB Daryl Yandell 0-0: Called Strike
0-1: Ground out U3 (Groundball, 3S, EV 90.0 MPH)
Batting: RHB Tom Smythe 0-0: Ball
1-0: Ground out 5-3 (Groundball, 56S, EV 90.6 MPH)
Top of the 2nd over - 0 runs, 0 hits, 0 errors, 0 left on base; Buffalo 0 - Chicago 0
BOTTOM OF THE 2ND
Chicago Silver Sox batting - Pitching for Buffalo White Walkers : LHP Zhao-ji Qiu
Batting: LHB Jonathan Gunner 0-0: Foul Ball, location: 2F
0-1: Called Strike
0-2: Ground out 6-3 (Groundball, 6, EV 90.0 MPH)
Batting: RHB Fortunato Rasquinha 0-0: Called Strike
0-1: Ball
1-1: Ground out 6-3 (Groundball, 6, EV 86.2 MPH)
Batting: LHB Ashley Thachi 0-0: Called Strike
0-1: Ball
1-1: Called Strike
1-2: Strikes out looking
Bottom of the 2nd over - 0 runs, 0 hits, 0 errors, 0 left on base; Buffalo 0 - Chicago 0
TOP OF THE 3RD
Buffalo White Walkers batting - Pitching for Chicago Silver Sox : RHP Rhys Maskell
Batting: RHB Panas Pletnev 0-0: Ball
1-0: Ball
2-0: Foul Ball, location: 2F
2-1: Foul Ball, location: 2F
2-2: Ground out 1-3 (Groundball, P, EV 70.6 MPH)
Batting: LHB Jesús Lazcano 0-0: SOLO HOME RUN (Flyball, 89XD, EV 103.1 MPH), Distance : 407 ft
Batting: LHB Dread Roberts 0-0: Foul Ball, location: 2F
0-1: Ball
1-1: Swinging Strike
1-2: Strikes out swinging
Batting: SHB Je-myung Yu 0-0: Called Strike
0-1: Ball
1-1: Called Strike
1-2: Strikes out looking
Top of the 3rd over - 1 run, 1 hit, 0 errors, 0 left on base; Buffalo 1 - Chicago 0
BOTTOM OF THE 3RD
Chicago Silver Sox batting - Pitching for Buffalo White Walkers : LHP Zhao-ji Qiu
Batting: SHB Gerrie Bond 0-0: Ball
1-0: Ball
2-0: Called Strike
2-1: Fly out, F9 (Flyball, 9S, EV 85.0 MPH)
Batting: LHB Chris Fitzgerald 0-0: Ball
1-0: Ball
2-0: Ball
3-0: Called Strike
3-1: Called Strike
3-2: SINGLE (Groundball, 56D, EV 98.1 MPH)
Batting: SHB Bren Spillane 0-0: Foul Ball, location: 2F
0-1: Swinging Strike
0-2: Ball
1-2: Ball
2-2: Ball
3-2: SINGLE (Groundball, 56D, EV 98.8 MPH)
Chris Fitzgerald to second
Batting: RHB José García 0-0: Ball
1-0: Ball
2-0: Called Strike
2-1: DOUBLE (Line Drive, 78M, EV 108.1 MPH)
Chris Fitzgerald scores
Bren Spillane to third
Runner from 3rd tries for Home, SAFE, throw by LF to home
Batting: RHB Mitsuhide Bando 0-0: Called Strike
José García steals 3rd base
0-1: Ball
1-1: Swinging Strike
1-2: Ball
2-2: Strikes out swinging
Batting: RHB Manuel Ramos 0-0: Called Strike
0-1: SINGLE (Groundball, 34D, EV 96.2 MPH)
José García scores
Batting: LHB Jonathan Gunner 0-0: Called Strike
0-1: Ball
1-1: Called Strike
1-2: Foul Ball, location: 2F
1-2: Fielders Choice at 2nd, 6-4 (Groundball, 56, EV 103.8 MPH)
Bottom of the 3rd over - 3 runs, 4 hits, 0 errors, 1 left on base; Buffalo 1 - Chicago 3
TOP OF THE 4TH
Buffalo White Walkers batting - Pitching for Chicago Silver Sox : RHP Rhys Maskell
Batting: SHB Max Bortenschlager 0-0: Called Strike
0-1: Ball
1-1: Fly out, F8 (Flyball, 8LXD, EV 86.2 MPH)
Batting: LHB Gilberto Ocasio 0-0: Called Strike
0-1: Ball
1-1: Ball
2-1: Foul Ball, location: 2F
2-2: DOUBLE (Flyball, 89XD, EV 94.4 MPH)
Batting: RHB Luis Tañón 0-0: Ball
1-0: Ball
2-0: Fly out, F7 (Flyball, 7, EV 87.5 MPH)
Batting: RHB Daryl Yandell 0-0: Swinging Strike
0-1: DOUBLE (Flyball, 89XD, EV 98.8 MPH)
Gilberto Ocasio scores
Batting: RHB Tom Smythe 0-0: Ball
1-0: Fly out, F9 (Flyball, 9, EV 78.1 MPH)
Top of the 4th over - 1 run, 2 hits, 0 errors, 1 left on base; Buffalo 2 - Chicago 3
BOTTOM OF THE 4TH
Chicago Silver Sox batting - Pitching for Buffalo White Walkers : LHP Zhao-ji Qiu
Batting: RHB Fortunato Rasquinha 0-0: Ball
1-0: Ball
2-0: Swinging Strike
2-1: Ball
3-1: Base on Balls
Batting: LHB Ashley Thachi 0-0: Swinging Strike
0-1: Ball
1-1: Ball
2-1: Grounds into double play, 6-4-3 (Groundball, 6, EV 86.2 MPH)
Batting: SHB Gerrie Bond 0-0: Fly out, F7 (Flyball, 7D, EV 96.2 MPH)
Bottom of the 4th over - 0 runs, 0 hits, 0 errors, 0 left on base; Buffalo 2 - Chicago 3
TOP OF THE 5TH
Buffalo White Walkers batting - Pitching for Chicago Silver Sox : RHP Rhys Maskell
Batting: RHB Panas Pletnev 0-0: Ground out 4-3 (Groundball, 4S, EV 84.4 MPH)
Batting: LHB Jesús Lazcano 0-0: Ball
1-0: Ground out 6-3 (Groundball, 6, EV 78.8 MPH)
Batting: LHB Dread Roberts 0-0: Called Strike
0-1: Ball
1-1: Ball
2-1: Fly out, F7 (Flyball, 78M, EV 86.9 MPH)
Top of the 5th over - 0 runs, 0 hits, 0 errors, 0 left on base; Buffalo 2 - Chicago 3
BOTTOM OF THE 5TH
Chicago Silver Sox batting - Pitching for Buffalo White Walkers : LHP Zhao-ji Qiu
Batting: LHB Chris Fitzgerald 0-0: Ball
1-0: Ball
2-0: Swinging Strike
2-1: Foul Ball, location: 2F
2-2: Reached on error, E3 (Groundball, 3, EV 106.2 MPH)
Batting: SHB Bren Spillane 0-0: Called Strike
0-1: Foul Ball, location: 2F
0-2: Fly out, F7 (Line Drive, 7D, EV 103.8 MPH)
Batting: RHB José García 0-0: Foul Ball, location: 2F
0-1: Called Strike
0-2: SINGLE (Groundball, 34S, EV 85.6 MPH) (infield hit)
Chris Fitzgerald to second
Batting: RHB Mitsuhide Bando 0-0: SINGLE (Groundball, 6MD, EV 96.9 MPH)
Chris Fitzgerald to third
José García to second
Runner from 3rd tries for Home, SAFE, no throw by CF
Batting: RHB Manuel Ramos 0-0: Ball
José García steals 3rd base
1-0: 3-RUN HOME RUN (Flyball, 89XD, EV 88.8 MPH), Distance : 407 ft
Pitching: LHP Masamichi Nakagawa
Batting: LHB Jonathan Gunner 0-0: Called Strike
0-1: Fly out, F7 (Flyball, 7LS, EV 84.4 MPH)
Batting: RHB Fortunato Rasquinha 0-0: SOLO HOME RUN (Flyball, 7D, EV 103.1 MPH), Distance : 353 ft
Batting: LHB Ashley Thachi 0-0: Ground out 6-3 (Groundball, 6, EV 89.4 MPH)
Bottom of the 5th over - 5 runs, 4 hits, 1 error, 0 left on base; Buffalo 2 - Chicago 8
TOP OF THE 6TH
Buffalo White Walkers batting - Pitching for Chicago Silver Sox : RHP Rhys Maskell
Batting: SHB Je-myung Yu 0-0: Ground out 2-3 (Groundball, 13S, EV 65.6 MPH)
Batting: SHB Max Bortenschlager 0-0: Fly out, F6 (Line Drive, 6, EV 67.5 MPH)
Batting: LHB Gilberto Ocasio 0-0: Foul Ball, location: 2F
0-1: Ball
1-1: Swinging Strike
1-2: Strikes out looking
Top of the 6th over - 0 runs, 0 hits, 0 errors, 0 left on base; Buffalo 2 - Chicago 8
BOTTOM OF THE 6TH
Chicago Silver Sox batting - Pitching for Buffalo White Walkers : LHP Masamichi Nakagawa
Batting: SHB Gerrie Bond 0-0: Ground out 6-3 (Groundball, 6M, EV 90.6 MPH)
Batting: LHB Chris Fitzgerald 0-0: Ball
1-0: Called Strike
1-1: Called Strike
1-2: Strikes out looking
Batting: SHB Bren Spillane 0-0: Ball
1-0: Called Strike
1-1: Fly out, F7 (Flyball, 7S, EV 86.2 MPH)
Bottom of the 6th over - 0 runs, 0 hits, 0 errors, 0 left on base; Buffalo 2 - Chicago 8
TOP OF THE 7TH
Buffalo White Walkers batting - Pitching for Chicago Silver Sox : RHP Rhys Maskell
Batting: RHB Luis Tañón 0-0: Called Strike
0-1: Ball
1-1: Ground out 6-3 (Groundball, 56, EV 80.6 MPH)
Batting: RHB Daryl Yandell 0-0: Foul Ball, location: 2F
0-1: Ball
1-1: SINGLE (Groundball, 34D, EV 98.8 MPH)
Batting: RHB Tom Smythe 0-0: Ball
1-0: Foul Ball, location: 2F
1-1: Grounds into double play, 5-4-3 (Groundball, 56S, EV 86.9 MPH)
Top of the 7th over - 0 runs, 1 hit, 0 errors, 0 left on base; Buffalo 2 - Chicago 8
BOTTOM OF THE 7TH
Chicago Silver Sox batting - Pitching for Buffalo White Walkers : LHP Masamichi Nakagawa
Batting: RHB José García 0-0: Ball
1-0: Foul Ball, location: 2F
1-1: SINGLE (Groundball, 4MD, EV 98.8 MPH)
Batting: RHB Mitsuhide Bando 0-0: Ball
1-0: Foul Ball, location: 2F
1-1: Called Strike
1-2: Strikes out swinging
Batting: RHB Manuel Ramos 0-0: Called Strike
0-1: Foul Ball, location: 2F
0-2: Ball
José García steals 2nd, throwing error, E2
José García to third
1-2: Ball
2-2: Ball
3-2: SINGLE (Groundball, 34D, EV 104.4 MPH)
José García scores
Batting: LHB Jonathan Gunner 0-0: Ball
1-0: Foul Ball, location: 2F
1-1: Foul Ball, location: 2F
1-2: Ball
2-2: Reached on error, E3 (Groundball, 3, EV 93.8 MPH)
Manuel Ramos to second
Batting: RHB Fortunato Rasquinha 0-0: Called Strike
0-1: Called Strike
0-2: Ball
1-2: Foul Ball, location: 2F
1-2: Foul Ball, location: 2F
1-2: Fly out, F3 (Popup, 23F, EV 78.8 MPH)
Batting: LHB Ashley Thachi 0-0: Foul Ball, location: 2F
0-1: Foul Ball, location: 2F
0-2: Strikes out swinging
Bottom of the 7th over - 1 run, 2 hits, 2 errors, 2 left on base; Buffalo 2 - Chicago 9
TOP OF THE 8TH
Buffalo White Walkers batting - Pitching for Chicago Silver Sox : RHP Rhys Maskell
Batting: RHB Panas Pletnev 0-0: Called Strike
0-1: Ball
1-1: Ground out 6-3 (Groundball, 6MS, EV 88.1 MPH)
Batting: LHB Jesús Lazcano 0-0: Called Strike
0-1: Ball
1-1: Ball
2-1: Ball
3-1: Called Strike
3-2: SINGLE (Line Drive, 78S, EV 93.8 MPH)
Batting: LHB Dread Roberts 0-0: Ball
1-0: Ball
2-0: Foul Ball, location: 2F
2-1: Ball
3-1: SINGLE (Groundball, 3, EV 89.4 MPH) (infield hit)
Jesús Lazcano to second
Batting: SHB Je-myung Yu 0-0: Ball
1-0: Ball
2-0: Swinging Strike
2-1: Foul Ball, location: 2F
2-2: Foul Ball, location: 2F
2-2: Ball
3-2: SINGLE (Line Drive, 8RS, EV 113.1 MPH)
Jesús Lazcano to third
Dread Roberts to second
Jesús Lazcano scores
Dread Roberts to third
Batting: SHB Max Bortenschlager 0-0: Called Strike
0-1: Ball
1-1: Ball
2-1: Called Strike
2-2: Foul Ball, location: 2F
2-2: Foul Ball, location: 2F
2-2: Strikes out swinging
Batting: LHB Gilberto Ocasio 0-0: Called Strike
0-1: Ball
1-1: Swinging Strike
1-2: Ball
2-2: Strikes out looking
Top of the 8th over - 1 run, 3 hits, 0 errors, 2 left on base; Buffalo 3 - Chicago 9
BOTTOM OF THE 8TH
Chicago Silver Sox batting - Pitching for Buffalo White Walkers : LHP Masamichi Nakagawa
Batting: SHB Gerrie Bond 0-0: Ground out 6-3 (Groundball, 56, EV 85.0 MPH)
Batting: LHB Chris Fitzgerald 0-0: Ball
1-0: Foul Ball, location: 2F
1-1: Ground out 1-3 (Groundball, 13S, EV 65.6 MPH)
Batting: SHB Bren Spillane 0-0: Ball
1-0: Foul Ball, location: 2F
1-1: Called Strike
1-2: Foul Ball, location: 2F
1-2: Ball
2-2: SINGLE (Groundball, 6MD, EV 94.4 MPH)
Batting: RHB José García 0-0: Ball
1-0: Swinging Strike
1-1: Called Strike
1-2: Ball
Bren Spillane steals 2nd, throwing error, E2
Bren Spillane to third
2-2: Fly out, F8 (Flyball, 89M, EV 91.9 MPH)
Bottom of the 8th over - 0 runs, 1 hit, 1 error, 1 left on base; Buffalo 3 - Chicago 9
TOP OF THE 9TH
Buffalo White Walkers batting - Pitching for Chicago Silver Sox : RHP Rhys Maskell
Pitching: RHP Eugenio Piñeiro
Batting: RHB Luis Tañón 0-0: Foul Ball, location: 2F
0-1: Called Strike
0-2: Ball
1-2: Foul Ball, location: 2F
1-2: Strikes out swinging
Batting: RHB Daryl Yandell 0-0: Foul Ball, location: 2F
0-1: Foul Ball, location: 2F
0-2: Ball
1-2: Ball
2-2: Foul Ball, location: 2F
2-2: Strikes out swinging
Batting: RHB Tom Smythe 0-0: Ball
1-0: Foul Ball, location: 2F
1-1: Swinging Strike
1-2: Ball
2-2: Foul Ball, location: 2F
2-2: Foul Ball, location: 2F
2-2: Fly out, F4 (Popup, 4D, EV 50.0 MPH)
Top of the 9th over - 0 runs, 0 hits, 0 errors, 0 left on base; Buffalo 3 - Chicago 9
Thursday, January 23rd, 2020 - OOTP Baseball 20.8 Build 74